 Dungeon Crawl Stone Soup version 0.22.0-75-g3901e7991e (webtiles) character file.

25737 Debik the Eclecticist (level 12, -13/68 HPs)
             Began as a Deep Elf Earth Elementalist on Sept 14, 2018.
             Was a High Priest of Vehumet.
             Mangled by an elephant (16 damage)
             ... on level 6 of the Lair of Beasts.
             The game lasted 00:47:01 (15540 turns).

Debik the Eclecticist (DEEE)                       Turns: 15540, Time: 00:47:02

Health: -13/68     AC:  6    Str:  5    XL:     12   Next: 92%
Magic:  25/34      EV: 13    Int: 26    God:    Vehumet [*****.]
Gold:   793        SH:  0    Dex: 15    Spells: 26/44 levels left

rFire    . . .     SeeInvis .   C - staff of earth
rCold    + . .     Gourm    .   (no shield)
rNeg     . . .     Faith    .   c - +0 robe
rPois    .         Spirit   .   D - +2 helmet
rElec    .         Reflect  .   i - +0 cloak
rCorr    .         Harm     .   (no gloves)
MR       +....                  (no boots)
Stlth    +++.......             (no amulet)
HPRegen  0.21/turn              e - ring of wizardry
MPRegen  0.24/turn              q - ring of protection from cold

@: lethally poisoned (-13 -> -28), about to teleport
A: no striking features
a: Renounce Religion


You were on level 6 of the Lair of Beasts.
You worshipped Vehumet.
Vehumet was extremely pleased with you.
You were near starving.

You visited 3 branches of the dungeon, and saw 16 of its levels.
You also visited: Ossuary.

You collected 793 gold pieces.

Inventory:

Missiles
 m - a throwing net
 x - 81 stones (quivered)
Armour
 c - a +0 robe (worn)
 i - a +0 cloak (worn)
 D - a +2 helmet (worn)
Magical Staves
 h - an uncursed staff of conjuration
 C - an uncursed staff of earth (weapon)
Jewellery
 e - a ring of wizardry (left hand)
 q - a ring of protection from cold (right hand)
Wands
 f - a wand of digging (45)
 y - a wand of disintegration (12)
Scrolls
 a - 2 scrolls of teleportation
 b - 8 scrolls of remove curse
 g - 3 scrolls of blinking
 t - 7 scrolls of identify
 u - 2 scrolls of fear
 B - a scroll of amnesia
 E - 2 scrolls of magic mapping
 G - a scroll of enchant weapon
 H - 2 scrolls of fog
Potions
 j - 5 potions of agility
 k - 2 potions of might
 l - 2 potions of magic
 n - 2 potions of cancellation
 o - 2 potions of mutation
 p - 3 potions of flight
 r - 2 potions of haste
 s - a potion of curing
 v - a potion of ambrosia
 w - a potion of brilliance {unknown}
 z - 2 potions of lignification
 A - a potion of heal wounds {unknown}
Miscellaneous
 F - a fan of gales
Comestibles
 d - 40 rations


   Skills:
 * Level 5.5 Fighting
 + Level 0.1 Staves
 + Level 3.0 Dodging
 + Level 4.1 Stealth
 + Level 16.8 Spellcasting
 + Level 6.1 Conjurations
   Level 1.1 Hexes
   Level 1.1 Transmutations
 * Level 6.0 Fire Magic
 + Level 1.5 Ice Magic
 + Level 14.3 Earth Magic


You had 26 spell levels left.
You knew the following spells:

 Your Spells              Type           Power        Failure   Level  Hunger
a - Sandblast             Erth           ######       0%          1    None
d - Lee's Rapid Deconstr  Erth           #######...   1%          5    None
e - Stone Arrow           Conj/Erth      ######       1%          3    None
r - Throw Icicle          Conj/Ice       #####...     1%          4    None
w - Bolt of Magma         Conj/Fire/Erth #######...   1%          5    None

Your spell library contained the following spells:

 Spells                   Type           Power        Failure   Level  Hunger
 Iskenderun's Battlesphe  Conj/Chrm      #####...     2%          5    None
 Beastly Appendage        Tmut           ####..       1%          1    None
 Freeze                   Ice            ####         1%          1    None
 Passwall                 Tmut/Erth      #######.     1%          2    None
 Sticks to Snakes         Tmut           ####....     1%          2    None
 Throw Frost              Conj/Ice       #####.       1%          2    None
 Ozocubu's Armour         Chrm/Ice       ####....     1%          3    None
 Petrify                  Tmut/Erth      #######.     1%          4    None
 Spider Form              Tmut/Pois      ###.......   2%          3    None
 Ice Form                 Ice/Tmut       ####....     5%          4    None
 Summon Ice Beast         Ice/Summ       ####....     7%          4    None
 Blade Hands              Tmut           ####......   16%         5    None


Dungeon Overview and Level Annotations

Branches:
Dungeon (9/15)             Temple (1/1) D:4            Lair (6/6) D:8
  Swamp (0/4) Lair:2        Snake (0/4) Lair:3        Slime (0/5) Lair:5
    Orc: D:9-12

Altars:
Dithmenos
Sif Muna
Uskayaw
Vehumet
Wu Jian
Yredelemnul
Jiyva

Shops:
D:7 :   D:9 [


Message History

The elephant trunk-slaps the plant but does no damage.
Unknown command.
The elephant trumpets!
You hit the plant but do no damage. You crush the plant!
The plant is lightly damaged.
The black mamba closely misses you. The black mamba bites you.
You are poisoned.
The black mamba poisons you! The six-headed hydra bites you! x3
* * * LOW HITPOINT WARNING * * *
The six-headed hydra bites you.
* * * LOW HITPOINT WARNING * * *
The six-headed hydra bites you.
* * * LOW HITPOINT WARNING * * *
The six-headed hydra bites you!
* * * LOW HITPOINT WARNING * * *
The elephant tramples you but does no damage.
The elephant trunk-slaps you.
* * * LOW HITPOINT WARNING * * *
The elephant tramples you!
You die...

##### #
###P#.###
P...#.S@D...#.#
P.....PYY...Y.#
.......Y..Y....
.........$...YY
.)...P#......Y.
....PPP........
........##.....
.......## .#...
#....P. .....


You could see a six-headed hydra, 8 elephants and a black mamba.

Vanquished Creatures
  Erolcha (D:9)
  A hydra (Lair:4)
  A death yak (Lair:6)
  A two-headed ogre (D:9)
  2 oklob plants
  6 elephants (Lair:4)
  2 black mambas
  6 spiny frogs
  2 rime drakes
  5 komodo dragons
  7 blink frogs
  5 hippogriffs
  2 wyverns
  A human (D:7)
  2 basilisks
  21 yaks
  4 hogs (D:7)
  Grum (D:8)
  Menkaure (Ossuary)
  4 nagas (Lair:3)
  3 water moccasins
  10 porcupines
  An orc warrior (D:7)
  3 eyes of draining
  A necrophage (D:7)
  An ice beast (D:9)
  4 phantoms
  6 ogres
  13 wolves
  2 centaurs (D:9)
  13 crocodiles
  14 bullfrogs
  4 scorpions
  9 killer bees
  19 wights
  5 howler monkeys
  A centaur zombie (D:7)
  6 crimson imps
  2 bullfrog zombies
  3 jellies
  3 orc priests
  4 bullfrog skeletons
  A centaur skeleton (D:4)
  4 hounds
  4 iguanas
  7 orc wizards
  8 worker ants
  A killer bee zombie (D:7)
  A hound skeleton (D:6)
  3 mummies
  2 worker ant zombies
  15 adders
  3 gnolls
  A howler monkey skeleton (D:6)
  3 shadow imps
  An adder zombie (D:5)
  An adder skeleton (D:6)
  2 worms (D:5)
  5 dart slugs
  6 leopard geckos
  38 orcs
  A ball python (D:2)
  23 bats
  8 giant cockroaches
  8 goblins
  12 hobgoblins
  13 jackals
  11 kobolds
  3 quokkas
  6 frilled lizards
  2 goblin skeletons (Ossuary)
  A goblin zombie (Ossuary)
  3 hobgoblin skeletons (Ossuary)
  A hobgoblin zombie (Ossuary)
  A jackal zombie (D:5)
  A kobold skeleton (Ossuary)
  A kobold zombie (Ossuary)
  A leopard gecko skeleton (D:7)
  An orc skeleton (Ossuary)
  2 orc zombies (Ossuary)
  9 rats
  5 rat skeletons (Ossuary)
  2 rat zombies (Ossuary)
  3 plants
426 creatures vanquished.

Vanquished Creatures (others)
  A mummy (Ossuary)
  A gnoll skeleton (Ossuary)
  A gnoll zombie (Ossuary)
  A goblin skeleton (Ossuary)
  5 goblin zombies (Ossuary)
  4 hobgoblin skeletons (Ossuary)
  6 hobgoblin zombies (Ossuary)
  3 kobold skeletons (Ossuary)
  A kobold zombie (Ossuary)
  An orc skeleton (Ossuary)
  An orc zombie (Ossuary)
  3 rat skeletons (Ossuary)
  4 rat zombies (Ossuary)
  5 fungi
  5 plants
  2 withered plants (D:7)
44 creatures vanquished.

Grand Total: 470 creatures vanquished

Notes
Turn   | Place    | Note
-------+----------+-------------------------------------------
     0 | D:1      | Debik the Deep Elf Earth Elementalist began the quest for
                  | the Orb.
     0 | D:1      | Reached XP level 1. HP: 10/10 MP: 6/6
   146 | D:1      | Reached XP level 2. HP: 15/15 MP: 5/8
   426 | D:1      | Reached XP level 3. HP: 19/19 MP: 8/10
   431 | D:1      | Learned a level 3 spell: Stone Arrow
   973 | D:1      | Reached skill level 4 in Spellcasting
  1175 | D:2      | Reached XP level 4. HP: 24/24 MP: 3/12
  1673 | D:2      | Reached skill level 5 in Earth Magic
  1964 | D:3      | Reached XP level 5. HP: 28/28 MP: 8/14
  1967 | D:3      | Reached skill level 5 in Spellcasting
  2086 | D:3      | Learned a level 5 spell: Lee's Rapid Deconstruction
  2353 | D:4      | Reached skill level 6 in Spellcasting
  2357 | D:4      | Noticed a phantom
  2359 | D:4      | Reached XP level 6. HP: 32/32 MP: 10/17
  2810 | D:4      | Found a sand-covered staircase.
  2825 | D:4      | Reached skill level 7 in Spellcasting
  2844 | D:4      | Reached XP level 7. HP: 36/36 MP: 9/19
  2865 | Ossuary  | Entered an ossuary
  3302 | Ossuary  | Noticed Menkaure
  3314 | Ossuary  | Killed Menkaure
  3650 | D:4      | Found a staircase to the Ecumenical Temple.
  3659 | Temple   | Entered the Ecumenical Temple
  3671 | Temple   | Became a worshipper of Vehumet
  3955 | D:5      | Entered Level 5 of the Dungeon
  4227 | D:5      | Reached skill level 8 in Spellcasting
  4400 | D:5      | Reached XP level 8. HP: 41/41 MP: 13/22
  4665 | D:6      | Reached skill level 1 in Conjurations
  4672 | D:6      | Reached * piety under Vehumet
  4672 | D:6      | Offered knowledge of Sting by Vehumet.
  4857 | D:6      | Found an ornate altar of the Wu Jian Council.
  4887 | D:6      | Reached skill level 9 in Spellcasting
  5063 | D:6      | Reached skill level 10 in Spellcasting
  5521 | D:6      | Reached XP level 9. HP: 45/45 MP: 18/25
  5731 | D:7      | Reached ** piety under Vehumet
  5732 | D:7      | Offered knowledge of Throw Frost by Vehumet.
  5936 | D:7      | Reached skill level 11 in Spellcasting
  6039 | D:7      | Reached skill level 10 in Earth Magic
  6160 | D:7      | Offered knowledge of Dazzling Spray by Vehumet.
  6165 | D:7      | Learned a level 3 spell: Dazzling Spray
  6436 | D:7      | Reached skill level 12 in Spellcasting
  6535 | D:7      | Found Axtucwir's Book Shop.
  6573 | D:7      | Reached *** piety under Vehumet
  6954 | D:7      | Reached XP level 10. HP: 51/51 MP: 18/28
  6998 | D:8      | Reached skill level 1 in Hexes
  7271 | D:8      | Offered knowledge of Throw Icicle by Vehumet.
  7277 | D:8      | Learned a level 4 spell: Throw Icicle
  7691 | D:8      | Found a staircase to the Lair.
  7861 | D:8      | Reached skill level 13 in Spellcasting
  7866 | D:8      | Noticed Grum
  7869 | D:8      | Killed Grum
  8158 | D:8      | Reached skill level 1 in Fighting
  8172 | D:9      | Noticed Erolcha
  8312 | D:9      | Killed Erolcha
  8432 | D:9      | Reached **** piety under Vehumet
  8713 | D:9      | Noticed a two-headed ogre
  8718 | D:9      | Offered knowledge of Venom Bolt by Vehumet.
  8727 | D:9      | Killed a two-headed ogre
  8727 | D:9      | Reached skill level 14 in Spellcasting
  8842 | D:9      | Reached XP level 11. HP: 42/59 MP: 5/31
  8948 | D:9      | Found Loghux's Antique Armour Shoppe.
  9597 | Lair:1   | Entered Level 1 of the Lair of Beasts
 10625 | Lair:2   | Reached skill level 15 in Spellcasting
 10660 | Lair:2   | Reached ***** piety under Vehumet
 10660 | Lair:2   | Offered knowledge of Bolt of Magma by Vehumet.
 10668 | Lair:2   | Learned a level 5 spell: Bolt of Magma
 11016 | Lair:2   | Found a staircase to the Swamp.
 11069 | Lair:2   | Noticed an oklob plant
 11073 | Lair:2   | Killed an oklob plant
 11073 | Lair:2   | Reached skill level 1 in Fire Magic
 11368 | Lair:2   | Found a basalt altar of Yredelemnul.
 12158 | Lair:3   | Found a staircase to the Snake Pit.
 12446 | Lair:3   | Reached skill level 1 in Ice Magic
 12684 | Lair:3   | Reached XP level 12. HP: 67/67 MP: 16/33
 12951 | Lair:4   | Reached skill level 5 in Conjurations
 13104 | Lair:4   | Noticed a four-headed hydra
 13113 | Lair:4   | Killed a four-headed hydra
 13201 | Lair:4   | Reached skill level 16 in Spellcasting
 13306 | Lair:4   | Reached skill level 5 in Fighting
 13681 | Lair:4   | Reached skill level 5 in Fire Magic
 14686 | Lair:5   | Offered knowledge of Iskenderun's Battlesphere by Vehumet.
 14872 | Lair:5   | Found a staircase to the Slime Pits.
 14872 | Lair:5   | Found a viscous altar of Jiyva.
 15086 | Lair:6   | Entered Level 6 of the Lair of Beasts
 15086 | Lair:6   | Noticed a five-headed hydra
 15086 | Lair:6   | Noticed an eight-headed hydra
 15211 | Lair:6   | Noticed a death yak
 15214 | Lair:6   | Killed a death yak
 15216 | Lair:6   | Noticed a seven-headed hydra
 15219 | Lair:6   | Noticed a death yak
 15535 | Lair:6   | Noticed a six-headed hydra
 15540 | Lair:6   | HP: 3/68 [elephant (1)]
 15540 | Lair:6   | Mangled by an elephant

Skill      XL: |  1  2  3  4  5  6  7  8  9 10 11 12 |
---------------+-------------------------------------+-----
Earth Magic    | 4 5 6 7 9 11 12 13 14 | 14.3
Spellcasting   | 4 6 7 8 10 12 14 15 16 | 16.8
Stealth        | 3 4 |  4.1
Conjurations   | 2 3 4 6 |  6.1
Hexes          | 1 |  1.1
Fighting       | 2 4 5 |  5.5
Fire Magic     | 3 6 |  6.0
Ice Magic      | 1 |  1.5
Dodging        | 3 |  3.0
Staves         | |  0.1
Transmutations | |  1.1

Action                   |  1- 3 |  4- 6 |  7- 9 | 10-12 || total
-------------------------+-------+-------+-------+-------++-------
Melee: Unarmed           |     2 |     1 |       |       ||     3
       Staff             |       |       |     1 |     1 ||     2
 Cast: Sandblast         |    58 |    77 |    88 |    94 ||   317
       Stone Arrow       |     1 |     8 |    55 |    43 ||   107
       Lee's Rapid Decon |       |     3 |    32 |   118 ||   153
       Dazzling Spray    |       |       |     3 |       ||     3
       Throw Icicle      |       |       |       |    38 ||    38
       Bolt of Magma     |       |       |       |    56 ||    56
  Use: Scroll            |       |     7 |    14 |    13 ||    34
       Potion            |       |       |       |     3 ||     3
 Stab: Sleeping          |     1 |       |       |       ||     1
  Eat: Chunk             |       |     7 |    10 |    24 ||    41
       Ration            |       |       |     2 |     2 ||     4
Armor: Robe              |     3 |     4 |     1 |    12 ||    20
Dodge: Dodged            |    18 |    12 |    20 |    36 ||    86
